AoeStats
← THL

Black Forest

510074353Analyzed
4v4 RM · 4d ago on Sep 29, 2026· 36m 12s· 8 players
Game mode
Random Map
Map size
Large (8 player)
Population
200
Speed
Normal
Resources
Standard
Victory
Conquest
Starting age
Dark Age
Ending age
Imperial Age
RankedLock teamsTeams togetherTeam positionsShared explorationLock speedFull tech treeHidden civsTurbo modeCheats
Victory
Defeat
🇨🇳 Saxons · China
1583
+14
🇻🇳 Japanese · Vietnam
1574
+15
🇨🇳 Lithuanians · China
1572
+15
🇨🇳 Cumans · China
1511
+17
🇳🇱 Britons · Netherlands
1638
-18
🇨🇳 Georgians · China
1600
-18
🇩🇪 Danes · Germany
1528
-15
🇳🇱 Spanish · Netherlands
1419
-10
啦啦啦啦啦啦
9:28 Feudal Age
9:52 Horse Collar
9:59 Double-Bit Axe
13:08 Loom
16:01 Wheelbarrow
15:16 Town Watch
19:28 Gold Mining
22:13 Castle Age
20:05 Fletching
20:13 Stone Mining
21:36 Padded Archer Armor
23:21 Heavy Plow
23:31 Bow Saw
24:01 Gold Shaft Mining
24:26 Bloodlines
24:13 Bodkin Arrow
24:33 Leather Archer Armor
29:23 Imperial Age
27:13 Hand Cart
27:31 Scale Barding Armor
28:40 Ballistics
27:53 Light Cavalry
30:40 Ring Archer Armor
31:14 Chemistry
31:20 Parthian Tactics
31:01 Thumb Ring
32:31 Chain Barding Armor
32:21 Forging
32:29 Cuman Mercenaries
32:22 Elite Kipchak
THL
1:18 Loom
4:04 Loom
10:39 Feudal Age
10:45 Man-at-Arms
11:24 Double-Bit Axe
20:44 Fletching
23:43 Castle Age
22:23 Horse Collar
23:56 Crossbowman
24:32 Bodkin Arrow
24:48 Bow Saw
26:39 Padded Archer Armor
32:42 Wheelbarrow
38:04 Imperial Age
36:08 Scale Mail Armor
36:20 Forging
36:50 Squires
36:36 Arson
36:12 Pikeman
张横
2:47 Loom
11:47 Feudal Age
15:49 Castle Age
23:09 Town Watch
投掷哥布林
6:46 Loom
7:14 Loom
9:56 Feudal Age
14:08 Castle Age
13:05 Double-Bit Axe
13:06 Horse Collar
22:35 Scale Barding Armor
25:54 Chain Barding Armor
25:32 Gold Mining
26:34 Wheelbarrow
26:14 Husbandry
27:13 Forging
28:48 Bloodlines
30:16 Iron Casting
30:39 Bow Saw
31:08 Heavy Plow
30:56 Town Watch
35:04 Imperial Age
32:50 Hand Cart
34:15 Stone Mining
35:07 Cavalier
36:25 Plate Barding Armor
36:28 Conscription
MyNameIsLassen
5:18 Loom
10:49 Feudal Age
15:12 Castle Age
13:40 Double-Bit Axe
13:37 Horse Collar
16:34 Bow Saw
16:17 Gold Mining
22:37 Wheelbarrow
22:36 Scale Mail Armor
25:35 Sanctity
25:25 Redemption
26:13 Town Watch
28:43 Gold Shaft Mining
28:13 Heavy Plow
30:00 Chain Mail Armor
29:47 Squires
32:31 Imperial Age
31:19 Redemption
31:30 Forging
33:44 Plate Mail Armor
32:38 Elite Varangian Guard
33:56 Iron Casting
33:29 Onager
34:52 Fletching
36:28 Bodkin Arrow
36:50 Hand Cart
逝
2:11 Loom
12:00 Feudal Age
18:16 Wheelbarrow
18:45 Town Watch
23:15 Castle Age
21:03 Double-Bit Axe
22:38 Fletching
29:44 Bow Saw
31:40 Gold Mining
32:38 Svan Towers
34:34 Guard Tower
Komkommersla
2:17 Loom
10:25 Feudal Age
11:42 Town Watch
12:39 Double-Bit Axe
14:29 Wheelbarrow
15:56 Horse Collar
21:33 Castle Age
19:44 Gold Mining
20:49 Fletching
22:31 Bodkin Arrow
23:04 Crossbowman
28:41 Ballistics
29:05 Padded Archer Armor
31:35 Leather Archer Armor
32:59 Hand Cart
37:02 Imperial Age
36:28 Bow Saw
Lindy
9:02 Loom
10:47 Feudal Age
15:03 Castle Age
13:35 Stone Mining
15:37 Double-Bit Axe
15:32 Horse Collar
16:41 Padded Archer Armor
23:19 Fletching
26:56 Husbandry
27:23 Bloodlines
28:16 Leather Archer Armor
29:31 Wheelbarrow
30:16 Bow Saw
30:55 Gold Mining
34:32 Imperial Age
32:39 Bodkin Arrow
33:40 Hand Cart
34:42 Thumb Ring
35:46 Ring Archer Armor
36:23 Conscription
Connection lost

Rejoining the realm…

Still unreachable

The connection could not be restored.

Session expired

The server has moved on; the page needs a fresh start.